Map: Abyssal Reef LE

Players

Vlign

  • Race: Terran Terran
  • League: Diamond
  • Spawn Location: 11:00

A.I. 1 (Elite) - Winner!

  • Race: Zerg Zerg
  • Spawn Location: 5:00

VOD

Have the link to the VOD?

Description

Time

  • Played on: July 18, 2018, 12:26 a.m.
  • Length: 5:39
Show
View Real Time Build Order
Export as new Build Order

Vlign Terran 

Build Orders:  

Get SALT Encoding   

  12  0:01  SCV  
  13  0:13  SCV  
  14  0:29  Supply Depot  
  14  0:30  SCV  
  14  0:34  Refinery  
  15  0:51  SCV  
  16  0:58  Barracks  
  16  1:03  SCV  
  17  1:15  SCV  
  18  1:18  Refinery  
  18  1:27  SCV  
  20  1:46  Orbital Command  
  19  1:47  Reaper  
  19  1:51  Factory  
  20  2:02  Supply Depot  
  20  2:13  SCV  
  21  2:22  Barracks Reactor  
  21  2:25  SCV  
  22  2:30  Command Center  
  24  2:37  Hellion, SCV  
  25  2:44  Supply Depot  
  25  2:49  SCV  
  26  3:02  SCV  
  27  3:07  Barracks Tech Lab  
  27  3:09  Hellion x2  
  31  3:14  SCV  
  32  3:26  SCV  
  33  3:30  Cyclone x2  
  39  3:42  Orbital Command  
  39  3:46  SCV  
  40  3:58  SCV  
  40  4:02  Cyclone x2  
  47  4:06  Barracks Tech Lab  
  47  4:08  SCV  
  47  4:09  Refinery  
  48  4:15  Ghost Academy  
  48  4:17  Barracks  
  48  4:27  SCV  
  48  4:28  Supply Depot  
  48  4:29  SCV  
  50  4:34  Cyclone  
  53  4:39  SCV  
  54  4:47  Supply Depot  
  54  4:49  Cyclone, SCV  
  54  4:51  Ghost  
  60  4:54  SCV  
  60  4:59  Refinery  
  61  5:02  SCV  
  61  5:03  Supply Depot  
  62  5:08  Ghost  
  62  5:13  SCV  
  65  5:18  SCV  
Show
View Real Time Build Order
Export as new Build Order

A.I. 1 (Elite) Zerg - Winner!

Build Orders: Pool First 

Get SALT Encoding   

  12  0:00  Drone  
  13  0:12  Overlord  
  13  0:16  Drone  
  14  0:31  Drone x2  
  16  0:42  Spawning Pool  
  15  0:45  Drone  
  15  0:48  Drone  
  17  1:13  Hatchery, Drone  
  17  1:16  Extractor  
  16  1:19  Drone  
  16  1:21  Extractor  
  16  1:25  Drone  
  17  1:29  Drone  
  17  1:38  Drone  
  19  1:49  Overlord  
  19  1:56  Queen  
  21  2:01  Zergling x2  
  22  2:11  Drone  
  23  2:25  Queen  
  23  2:28  Drone  
  26  2:35  Drone  
  27  2:40  Drone  
  29  2:44  Drone  
  29  2:57  Roach Warren  
  28  3:00  Drone  
  28  3:03  Drone  
  30  3:07  Zergling x2  
  30  3:10  Zergling x2  
  32  3:16  Overlord  
  32  3:18  Drone  
  33  3:22  Drone  
  34  3:37  Roach  
  34  3:38  Roach x2  
  34  3:39  Roach  
  42  3:47  Lair  
  42  3:51  Overlord  
  42  3:56  Overlord  
  42  3:59  Zergling x2  
  42  4:02  Zergling x2  
  44  4:09  Zergling x2, Drone x2  
  47  4:12  Drone  
  47  4:13  Drone  
  49  4:17  Drone  
  49  4:21  Overlord  
  50  4:26  Roach  
  50  4:30  Roach  
  54  4:32  Roach  
  54  4:36  Roach  
  58  4:39  Overlord  
  58  4:46  Drone  
  58  4:47  Drone  
  58  4:49  Hydralisk Den, Drone  
  62  4:52  Roach  
  62  4:56  Roach  
  64  5:00  Overlord  
  64  5:06  Drone  
  65  5:08  Drone  
  65  5:10  Drone  
  65  5:12  Drone  
  69  5:14  Drone  
  69  5:16  Drone  
  69  5:18  Drone  
Tags
 
League
Diamond
Matchup
TvZ
Opening
Pool First
Replay Pack
replaypack2
Spawn Locations
Cross Positions
Add a new tag
Caveats
  • Supply blocks, unpowered buildings, or Contaminate may cause inaccurate times.
  • Supply counts are checked every 10 seconds.